 Dungeon Crawl Stone Soup version 0.23.2-1-ga50397a6bc (webtiles) character file.

Game seed: 6337941522030821858

29030 Menchi the Warrior (level 13, -5/139 HPs)
             Began as a Naga Fighter on May 18, 2019.
             Was an Initiate of Gozag.
             Slain by a sixfirhy (10 damage)
             ... summoned by an orc high priest
             ... on level 2 of the Orcish Mines.
             The game lasted 00:31:04 (10147 turns).

Menchi the Warrior (Naga Fighter)                  Turns: 10147, Time: 00:31:05

Health: -5/139     AC: 13    Str: 27    XL:     13   Next: 42%
Magic:  13/13      EV: 15    Int:  9    God:    Gozag
Gold:   2010       SH:  4    Dex: 12    Spells: 12/12 levels left

rFire    . . .     SeeInvis +   q - +3 spear (flame)
rCold    + . .     Gourm    .   D - +0 buckler {AC+3}
rNeg     . . .     Faith    .   o - +3 leather armour
rPois    +         Spirit   .   (no helmet)
rElec    .         Reflect  .   r - +0 cloak
rCorr    .         Harm     .   (no gloves)
MR       +....                  (no barding)
Stlth    +.........             e - amulet of regeneration
HPRegen  0.73/turn              A - ring of wizardry
MPRegen  0.13/turn              a - ring of protection from cold

@: mighty, very slow
A: large, see invisible, deformed body, poison resistance, slowness 2, slow
metabolism 1, spit poison 1, constrict 1, AC +4
a: Spit Poison, Potion Petition, Call Merchant, Bribe Branch, Renounce Religion


You were on level 2 of the Orcish Mines.
You worshipped Gozag.
Gozag was most pleased with you.
You were not hungry.

You visited 3 branches of the dungeon, and saw 13 of its levels.

You collected 2093 gold pieces.
You paid 83 gold pieces to Gozag.

Inventory:

Hand Weapons
 l - a +3 dagger of venom
 q - a +3 spear of flaming (weapon)
 t - a +5 battleaxe of electrocution
Armour
 i - a +3 buckler
 o - a +3 leather armour (worn)
 r - a +0 cloak (worn)
 z - the +0 robe "Uttuoczai" {+Blink rF+}
   (You found it on level 8 of the Dungeon)

   It protects you from fire.
   It lets you blink.
 D - a +0 buckler of protection (worn)
Jewellery
 a - a ring of protection from cold (right hand)
 e - an amulet of regeneration (around neck)
 s - an uncursed ring of protection from fire
 u - an uncursed ring of positive energy
 A - a ring of wizardry (left hand)
Wands
 w - a wand of paralysis (8)
 x - a wand of clouds (5)
 B - a wand of acid (10)
 C - a wand of iceblast (5)
 F - a wand of polymorph (9)
Scrolls
 b - 2 scrolls of amnesia
 g - a scroll of magic mapping
 h - 2 scrolls of remove curse
 j - 7 scrolls of teleportation
 n - 5 scrolls of identify
 y - 2 scrolls of enchant weapon
Potions
 c - a potion of mutation
 d - 2 potions of might
 k - 3 potions of haste
 m - 3 potions of curing
 p - 3 potions of cancellation
 v - 2 potions of brilliance
 E - a potion of heal wounds {unknown}
Comestibles
 f - 19 rations


   Skills:
 * Level 15.2 Fighting
 + Level 9.3 Polearms
 - Level 2.4 Armour
 + Level 10.4 Dodging
 - Level 2.4 Shields


You had 12 spell levels left.
You didn't know any spells.
Your spell library contained the following spells:

 Spells                   Type           Power        Failure   Level  Hunger
 Animate Skeleton         Necr           N/A          17%         1    ##.....
 Apportation              Tloc           #.....       17%         1    ##.....
 Confusing Touch          Hex            #.....       17%         1    ##.....
 Shock                    Conj/Air       #...         17%         1    ##.....
 Summon Small Mammal      Summ           #...         17%         1    ##.....
 Swiftness                Chrm/Air       #.......     26%         2    ###....
 Static Discharge         Conj/Air       #.......     45%         3    ####...
 Airstrike                Air            #.........   85%         4    #####..
 Irradiate                Conj/Tmut      #.........   99%         5    ######.
 Lightning Bolt           Conj/Air       #.........   99%         5    ######.
 Hydra Form               Tmut           #.........   100%        6    #######
 Statue Form              Tmut/Erth      #........    100%        6    #######
 Dragon Form              Tmut           #.........   100%        7    #######


Dungeon Overview and Level Annotations

Branches:
Dungeon (10/15)            Temple (1/1) D:6            Lair (0/6) D:8
    Orc (2/2) D:10            Elf (0/3) Orc:2

Altars:
Ashenzari
Cheibriados
Dithmenos
Elyvilon
Fedhas
Gozag
Hepliaklqana
Kikubaaqudgha
Makhleb
Nemelex Xobeh
Okawaru
Qazlal
Ru
Sif Muna
Trog
Uskayaw
Vehumet
Wu Jian
Xom
Yredelemnul
Zin
The Shining One
Beogh

Shops:
D:4 (


Innate Abilities, Weirdness & Mutations

You cannot wear boots.
Your serpentine skin is tough. (AC +4)
You have supernaturally acute eyesight. (SInv)
Armour fits poorly on your strangely shaped body.
Your system is resistant to poisons. (rPois)
You cover ground very slowly.
You have a slow metabolism.
You can spit poison.
You can use your snake-like lower body to constrict enemies.


Message History

The orc warrior hits you from afar with a +0 glaive.
The orc closely misses you.
The orc warrior hits you from afar with a +0 glaive!
* * * LOW HITPOINT WARNING * * *
The sixfirhy hits you!
* * * LOW HITPOINT WARNING * * *
The sixfirhy shocks you!
* * * LOW HITPOINT WARNING * * *
The sixfirhy hits you but does no damage.
The sixfirhy misses you. The sixfirhy closely misses you.
The orc high priest calls down the wrath of Beogh upon you.
Beogh smites you!
* * * LOW HITPOINT WARNING * * *
You block the sixfirhy's attack.
You hear the rumble of a very distant avalanche of rocks.
The sixfirhy hits you.
* * * LOW HITPOINT WARNING * * *
The sixfirhy shocks you!
You die...
Your body crumbles into a pile of gold.

#####.# ....### $ ##....#####
##.#....# #.......#.# ##......##
... ###......#># ##.........
.....##..........###..........
....##.........<.#.#..........
.....#........................
.....#...........$.......#
...........##..#@$.....###
#........########3$......## $ ..
.........#..#.##..$$......####...
....<.......#.#...ooo............
....................$$...........
....................o.$..........
.................###.o..........
......###.......## ###$4o....##
..##.## ##......# ##o.....#


You could see an orc high priest, an orange demon, a sixfirhy, an orc warrior
and 3 orcs.

Vanquished Creatures
  2 two-headed ogres
  3 orc high priests (Orc:2)
  A cyclops (D:10)
  Joseph (D:9)
  2 hippogriffs (D:7)
  A spriggan (D:7)
  7 yaks
  A wyvern (D:8)
  2 hungry ghosts (D:8)
  A steam dragon (D:8)
  3 wargs (Orc:2)
  A water moccasin (D:10)
  A porcupine (D:8)
  8 orc warriors
  3 sky beasts
  A black bear (D:9)
  4 necrophages (D:8)
  3 phantoms
  6 ogres
  3 centaurs
  4 big kobolds
  Blork the orc (D:6)
  6 bullfrogs
  A gnoll sergeant (D:9)
  2 scorpions
  A water moccasin skeleton (D:9)
  6 killer bees (D:8)
  5 wights (D:7)
  14 howler monkeys
  4 crimson imps
  A bullfrog zombie (D:8)
  A jelly (D:9)
  A centaur zombie (D:8)
  4 hounds
  2 quasits (D:7)
  13 orc priests
  2 bullfrog skeletons
  11 orc wizards
  4 iguanas
  Natasha (thrice) (D:3)
  6 worker ants
  A hound skeleton (D:8)
  A worker ant zombie (D:9)
  8 gnolls
  A howler monkey skeleton (D:4)
  22 adders
  3 shadow imps
  2 oozes
  An adder zombie (D:8)
  2 adder skeletons (D:4)
  A worm (D:3)
  3 dart slugs
  8 leopard geckos
  47 orcs
  A ball python (D:3)
  10 bats
  7 giant cockroaches
  16 goblins
  7 hobgoblins
  19 jackals
  28 kobolds
  3 quokkas
  9 frilled lizards
  A giant cockroach zombie (D:4)
  A leopard gecko skeleton (D:4)
  A quokka zombie (D:6)
  3 rats
  A bush (D:8)
353 creatures vanquished.

Vanquished Creatures (others)
  A bat (D:1)
  A fungus (D:8)
  5 plants (D:8)
7 creatures vanquished.

Grand Total: 360 creatures vanquished

Notes
Turn   | Place    | Note
-------+----------+-------------------------------------------
     0 | D:1      | Menchi the Naga Fighter began the quest for the Orb.
     0 | D:1      | Reached XP level 1. HP: 21/21 MP: 1/1
   138 | D:1      | Reached XP level 2. HP: 25/28 MP: 2/2
   299 | D:1      | Reached XP level 3. HP: 36/36 MP: 3/3
   359 | D:1      | Reached skill level 1 in Dodging
   641 | D:2      | Reached skill level 4 in Fighting
   797 | D:2      | Reached XP level 4. HP: 42/44 MP: 4/4
  1534 | D:3      | Noticed Natasha
  1538 | D:3      | Killed Natasha
  1538 | D:3      | Reached XP level 5. HP: 49/51 MP: 5/5
  1707 | D:3      | Noticed Natasha
  1713 | D:3      | Killed Natasha
  1750 | D:3      | Noticed Natasha
  1754 | D:3      | Killed Natasha
  1754 | D:3      | Reached skill level 5 in Fighting
  1821 | D:3      | Reached XP level 6. HP: 54/61 MP: 6/6
  2834 | D:4      | Found Xakheuw's Weapon Emporium.
  2863 | D:4      | Noticed a phantom
  2894 | D:5      | Entered Level 5 of the Dungeon
  2905 | D:5      | Found an iron altar of Okawaru.
  2985 | D:5      | Reached skill level 6 in Fighting
  2985 | D:5      | Reached XP level 7. HP: 64/69 MP: 7/7
  3466 | D:5      | Found a sacrificial altar of Ru.
  3543 | D:5      | Reached skill level 7 in Fighting
  3543 | D:5      | Reached XP level 8. HP: 80/80 MP: 8/8
  4045 | D:4      | Reached skill level 5 in Polearms
  4778 | D:6      | Reached skill level 8 in Fighting
  4810 | D:6      | Found a staircase to the Ecumenical Temple.
  4832 | D:6      | Noticed Blork the orc
  4841 | D:6      | Killed Blork the orc
  5081 | Temple   | Entered the Ecumenical Temple
  5181 | D:6      | Reached XP level 9. HP: 83/90 MP: 9/9
  5424 | D:6      | Found a sparkling altar of Nemelex Xobeh.
  5432 | D:6      | Found an opulent altar of Gozag.
  5825 | D:7      | Reached skill level 9 in Fighting
  5876 | D:6      | Became a worshipper of Gozag Ym Sagoz the Greedy
  6046 | D:7      | You fall through a shaft!
  6062 | D:8      | Reached skill level 5 in Dodging
  6247 | D:7      | Found a flagged portal.
  6328 | D:7      | Reached skill level 10 in Fighting
  6533 | D:7      | Reached XP level 10. HP: 102/102 MP: 10/10
  6677 | D:7      | Found a blossoming altar of Fedhas.
  6998 | D:8      | Noticed a two-headed ogre
  7014 | D:8      | Killed a two-headed ogre
  7164 | D:8      | Reached skill level 11 in Fighting
  7256 | D:8      | Found a staircase to the Lair.
  7428 | D:8      | Found a burning altar of Makhleb.
  7438 | D:8      | Got a colourful robe
  7449 | D:8      | Identified the cursed +0 robe "Uttuoczai" {+Blink rF+} (You
                  | found it on level 8 of the Dungeon)
  7557 | D:8      | Found a blossoming altar of Fedhas.
  7582 | D:8      | Found a deep blue altar of Sif Muna.
  7582 | D:8      | Found a white marble altar of Elyvilon.
  7583 | D:8      | Found a shattered altar of Ashenzari.
  7643 | D:8      | Found a sparkling altar of Nemelex Xobeh.
  8032 | D:9      | Noticed Joseph
  8057 | D:9      | Killed Joseph
  8114 | D:9      | Reached XP level 11. HP: 114/114 MP: 11/11
  8163 | D:9      | Reached skill level 14 in Fighting
  8163 | D:9      | Reached XP level 12. HP: 120/129 MP: 12/12
  8164 | D:9      | Gained mutation: You can use your snake-like lower body to
                  | constrict enemies. [Naga growth]
  8164 | D:9      | Reached XP level 13. HP: 127/136 MP: 13/13
  8274 | D:9      | Found a hazy altar of Hepliaklqana.
  8691 | D:10     | Entered Level 10 of the Dungeon
  8709 | D:9      | Reached skill level 10 in Dodging
  8949 | D:10     | Found a staircase to the Orcish Mines.
  9419 | Orc:1    | Entered Level 1 of the Orcish Mines
  9868 | Orc:2    | Entered Level 2 of the Orcish Mines
  9871 | Orc:2    | Found a roughly hewn altar of Beogh.
  9885 | Orc:2    | Found a staircase to the Elven Halls.
 10001 | Orc:2    | Reached skill level 15 in Fighting
 10147 | Orc:2    | HP: 5/139 [sixfirhy[an orc high priest] (3)]
 10147 | Orc:2    | Slain by a sixfirhy

Skill      XL: |  1  2  3  4  5  6  7  8  9 10 11 12 13 |
---------------+----------------------------------------+-----
Dodging        | 1 2 3 4 5 6 9 10 | 10.4
Fighting       | 4 5 6 7 8 10 11 14 15 | 15.2
Polearms       | 3 4 5 7 8 9 |  9.3
Armour         | |  2.4
Shields        | |  2.4

Action                   |  1- 3 |  4- 6 |  7- 9 | 10-12 | 13-15 || total
-------------------------+-------+-------+-------+-------+-------++-------
Melee: Trident           |   136 |    18 |       |       |       ||   154
       Dagger            |       |   189 |   279 |       |       ||   468
       Spear             |       |       |   180 |   373 |   333 ||   886
       Constrict         |       |       |       |       |    54 ||    54
 Abil: Spit Poison       |     5 |    11 |    16 |     8 |     2 ||    42
Evoke: Wand              |       |       |       |     1 |       ||     1
  Use: Scroll            |       |     9 |     6 |     5 |       ||    20
       Potion            |       |       |     3 |     2 |     1 ||     6
 Stab: Distracted        |       |       |     3 |       |     2 ||     5
       Sleeping          |       |       |       |     1 |     1 ||     2
  Eat: Chunk             |       |     7 |    10 |     2 |       ||    19
       Ration            |       |       |     1 |     2 |     2 ||     5
Armor: Scale mail        |    63 |    58 |       |       |       ||   121
       Leather armour    |       |    15 |   102 |    48 |    65 ||   230
Dodge: Dodged            |    61 |    75 |   203 |    94 |   136 ||   569
Block: Buckler           |    11 |    39 |    85 |    64 |    44 ||   243
